 Dungeon Crawl Stone Soup version 0.31.0 (webtiles) character file.

Game seed: 7534285008949932713

6071 qw the Skirmisher (level 10, -12/66 HPs)
             Began as a Gargoyle Hunter on Jan 19, 2024.
             Was a Priest of Okawaru.
             Mangled by a komodo dragon (18 damage)
             ... on level 1 of the Lair of Beasts.
             The game lasted 00:01:24 (10822 turns).

qw the Skirmisher (Gargoyle Hunter)                Turns: 10822, Time: 00:01:24

Health: -12/66     AC: 17    Str: 22    XL:     10   Next: 87%
Magic:  13/13      EV: 13    Int: 14    God:    Okawaru [***...]
Gold:   624        SH:  5    Dex: 19    Spells: 9/9 levels left

rFire   + . .        s - +0 orcbow
rCold   . . .        (shield currently unavailable)
rNeg    + . .        a - +0 ring mail {rF+}
rPois   inf          (no helmet)
rElec   +            b - +0 cloak
rCorr   .            (no gloves)
SInv    +            k - +2 pair of boots of Okawaru's Fury {Will- Int+5 Dex+2}
Will    .....        i - amulet of reflection
Stlth   +            o - +6 ring of strength
HPRegen 0.31/turn    n - ring of see invisible
MPRegen 0.13/turn

%: reflection
@: about to teleport
A: sickness immunity, AC +7, negative energy resistance 1, electricity
resistance, torment resistance 1, petrification resistance
a: Renounce Religion, Heroism


You were on level 1 of the Lair of Beasts.
You worshipped Okawaru.
Okawaru was most pleased with you.
You visited 2 branches of the dungeon, and saw 10 of its levels.

You collected 668 gold pieces.
You spent 44 gold pieces at shops.


Innate Abilities, Weirdness & Mutations

You are immune to sickness and miasma.
Your stone body is resilient. (AC +7)
You are immune to poison.
You resist negative energy. (rN+)
You are resistant to electric shocks. (rElec)
You are resistant to unholy torment.
You are immune to petrification.


   Skills:
 - Level 9.1 Fighting
 + Level 12.7 Ranged Weapons
 - Level 3.1 Armour
 - Level 4.0 Dodging
 - Level 1.1 Stealth
 - Level 4.0 Invocations


You had 9 spell levels left.
You didn't know any spells.
Your spell library was empty.

Inventory:

Hand Weapons
 s - a +0 orcbow (weapon)
Armour
 a - a +0 ring mail of fire resistance (worn)
 b - a +0 cloak (worn)
 c - a +1 robe of willpower
 k - the +2 pair of boots of Okawaru's Fury (worn) {Will- Int+5 Dex+2}
   (You found it on level 6 of the Dungeon)

   Int+5:     It affects your intelligence (+5).
   Dex+2:     It affects your dexterity (+2).
   Will-:     It decreases your willpower.
Jewellery
 i - an amulet of reflection (around neck)
 n - a ring of see invisible (right hand)
 o - a +6 ring of strength (left hand)
Wands
 l - a wand of charming (5)
 q - a wand of polymorph (14)
Potions
 e - 4 potions of might
 f - 2 potions of curing
 g - 2 potions of haste
 h - a potion of cancellation {unknown}
 j - a potion of ambrosia {unknown}
 p - a potion of degeneration {unknown}

Dungeon Overview and Level Annotations

Branches:
Dungeon (9/15)             Temple (0/1) D:7            Lair (1/5) D:9
    Orc (0/2) D:9

Altars:
Cheibriados
Dithmenos
Elyvilon
Fedhas
Gozag
Kikubaaqudgha
Nemelex Xobeh
Okawaru
Vehumet
Wu Jian
Zin
The Shining One

Shops:
D:2 =[!:   D:4 :

Annotations:
D:1 2 runed translucent doors
D:6 2 transporters, qw's ghost, novice GrHu


Message History

You feel like a meek peon again.
A komodo dragon comes into view.
You shoot an arrow. The komodo dragon hisses angrily.
The arrow hits the komodo dragon.
The komodo dragon is lightly wounded.
You shoot an arrow. The arrow hits the komodo dragon!
The komodo dragon is moderately wounded.
You shoot an arrow. The arrow hits the komodo dragon!
The komodo dragon is heavily wounded.
You shoot an arrow. The arrow hits the komodo dragon!
The komodo dragon is heavily wounded.
You shoot an arrow.
The arrow completely misses the komodo dragon.
You shoot an arrow.
The arrow hits the komodo dragon but does no damage.
The komodo dragon is heavily wounded.
You shoot an arrow. The arrow hits the komodo dragon.
The komodo dragon is severely wounded.
The komodo dragon bites you!
You shoot an arrow.
The arrow closely misses the komodo dragon.
The komodo dragon bites you!
You shoot an arrow. The arrow hits the komodo dragon!
The komodo dragon is almost dead.
The komodo dragon barely misses you.
You shoot an arrow. The arrow hits the komodo dragon.
The komodo dragon is almost dead.
The komodo dragon bites you!!
10820 ||| READING scroll of teleportation.
As you read the scroll of teleportation, it crumbles to dust.
You feel strangely unstable. The komodo dragon misses you.
You shoot an arrow. The arrow hits the komodo dragon.
The komodo dragon is almost dead.
The komodo dragon bites you but does no damage.
You shoot an arrow.
The arrow barely misses the komodo dragon.
The komodo dragon bites you!!
You die...

#.# #... ...
#.. #... ...
## ..##..#
.... ...
.....#.....
..#.#..#.....
.....P.....
#.l.......
#@.P.....
#..#+#.#.
.....
........
...........
............
..#+#...#+#+#
... #...#


You could see a komodo dragon.

Vanquished Creatures
  A two-headed ogre (D:8)
  Joseph (D:7)
  Sigmund (D:5)
  Eustachio (D:4)
  A wyvern (D:6)
  A steam dragon (D:8)
  Grum (Lair:1)
  Menkaure (D:5)
  Edmund (D:4)
  5 water moccasins
  Duvessa (D:6)
  2 acid dragons
  An orc warrior (D:9)
  An ice beast (D:7)
  A sky beast (D:7)
  2 black bears
  An ogre (D:5)
  4 wolves (Lair:1)
  2 centaurs
  4 kobold brigands
  5 bullfrogs
  A scorpion (D:6)
  A gnoll sergeant (D:9)
  8 wights
  Dowan (D:6)
  9 killer bees
  3 bombardier beetles
  2 hounds
  4 orc priests
  A jelly (D:7)
  3 sleepcaps
  2 iguanas
  4 orc wizards
  12 gnolls
  4 adders
  A shadow imp (D:6)
  2 white imps
  6 ufetubi
  7 dart slugs
  2 ribbon worms
  10 orcs
  5 endoplasms
  6 giant cockroaches
  11 goblins
  4 hobgoblins
  4 jackals (D:1)
  18 kobolds
  5 quokkas
  9 ball pythons
  4 bats
  10 frilled lizards
  4 rats
201 creatures vanquished.

Vanquished Creatures (others)
  A kobold (D:8)
1 creature vanquished.

Grand Total: 202 creatures vanquished

Notes
Turn   | Place    | Note
-------+----------+-------------------------------------------
     0 | D:1      | qw the Gargoyle Hunter began the quest for the Orb.
     0 | D:1      | Reached XP level 1. HP: 12/12 MP: 1/1
     0 | D:1      | 0 ||| qw: Version: 0.3-a-132-g3d54051
     0 | D:1      | 0 ||| qw: Game counter: 247
     0 | D:1      | 0 ||| qw: Melee chars always use a shield: true
     0 | D:1      | 0 ||| qw: God list: Okawaru
     0 | D:1      | 0 ||| qw: Allow faded altars: false
     0 | D:1      | 0 ||| qw: Do Orc after clearing Dungeon:15 true
     0 | D:1      | 0 ||| qw: Do second Lair branch before Depths: true
     0 | D:1      | 0 ||| qw: Lair rune preference: random
     0 | D:1      | 0 ||| qw: Goals: Normal
     0 | D:1      | 0 ||| PLANNING D:1-11
    43 | D:1      | Reached XP level 2. HP: 17/17 MP: 2/2
    73 | D:1      | Found a large runed translucent door.
    73 | D:1      | Found a large runed translucent door.
   238 | D:1      | Reached XP level 3. HP: 17/21 MP: 3/3
   248 | D:1      | Reached skill level 5 in Ranged Weapons
   478 | D:1      | Found a faded altar of an unknown god.
   783 | D:1      | 783 ||| READING scroll labelled XIPOSE ZYEHEMM.
   884 | D:1      | 884 ||| READING scroll labelled BUATEJ FUSUAMU.
   915 | D:1      | 915 ||| READING scroll labelled HAL WYLLOOSS.
   915 | D:1      | 915 ||| ENCHANTING +0 shortbow.
   916 | D:1      | 916 ||| DROPPING scroll of butterflies.
   956 | D:2      | Found Wixerphuy's Distillery.
   961 | D:2      | 961 ||| SHOPLISTING potion of haste (120 gold, have 58).
   961 | D:2      | 961 ||| SHOPLISTING potion of heal wounds (60 gold, have
                  | 58).
   961 | D:2      | 961 ||| SHOPLISTING potion of mutation (96 gold, have 58).
   975 | D:2      | Found Mimnoroock's Jewellery Shoppe.
   986 | D:2      | 986 ||| SHOPLISTING ring of positive energy (220 gold, have
                  | 58).
   986 | D:2      | 986 ||| SHOPLISTING ring of see invisible (165 gold, have
                  | 58).
  1115 | D:2      | 1115 ||| FLEEEEING.
  1116 | D:2      | 1116 ||| FLEEEEING.
  1117 | D:2      | 1117 ||| FLEEEEING.
  1118 | D:2      | 1118 ||| FLEEEEING.
  1124 | D:2      | 1124 ||| FLEEEEING.
  1125 | D:2      | 1125 ||| FLEEEEING.
  1272 | D:2      | Reached skill level 3 in Fighting
  1414 | D:2      | Identified the +5 hand axe "Wiseanoz" {freeze, Str-3 Dex+4
                  | Stlth+}
  1507 | D:2      | Reached XP level 4. HP: 28/28 MP: 4/4
  1653 | D:2      | Found Egeg Puz's Book Shoppe.
  1936 | D:2      | Found Xesaog's Armour Shoppe.
  1951 | D:2      | 1951 ||| BUYING +0 ring mail (44 gold).
  1951 | D:2      | Bought a +0 ring mail for 44 gold pieces
  1951 | D:2      | 1951 ||| SHOPLISTING +0 ring mail of the Tired Priests
                  | {rC+} (198 gold, have 57).
  1987 | D:2      | 1987 ||| UPGRADING to +0 ring mail.
  1997 | D:2      | 1997 ||| DROPPING +0 leather armour.
  1998 | D:2      | 1998 ||| READING scroll labelled VEGOTI YBBA.
  1999 | D:2      | 1999 ||| READING scroll labelled OGUARAZAIPS.
  2000 | D:2      | 2000 ||| READING scroll labelled DUTSEO SOAJON.
  2110 | D:3      | Found a shadowy altar of Dithmenos.
  2313 | D:3      | 2313 ||| FLEEEEING.
  2323 | D:3      | 2323 ||| STAIRDANCE
  2351 | D:2      | 2351 ||| UPGRADING to +0 cloak.
  2356 | D:2      | 2356 ||| DRINKING 2 puce potions.
  2427 | D:3      | Reached XP level 5. HP: 32/32 MP: 5/5
  2499 | D:3      | Found a sparkling altar of Nemelex Xobeh.
  2775 | D:3      | 2775 ||| DRINKING 2 metallic white potions.
  2776 | D:3      | 2776 ||| DROPPING potion of attraction.
  2785 | D:4      | Noticed Edmund
  2790 | D:4      | HP: 8/32 [Edmund/+2 dire flail of holy wrath (6)]
  2791 | D:4      | 2791 ||| READING scroll of teleportation.
  2798 | D:4      | 2798 ||| FLEEEEING.
  2804 | D:4      | 2804 ||| STAIRDANCE
  2933 | D:4      | HP: 3/32 [Edmund/+2 dire flail of holy wrath (7)]
  2934 | D:4      | Killed Edmund
  2935 | D:4      | Reached skill level 6 in Ranged Weapons
  2935 | D:4      | Reached XP level 6. HP: 4/37 MP: 6/6
  2935 | D:4      | 2935 ||| FLEEEEING.
  3092 | D:4      | Found Ytarru Fosi's Self-Improvement Boutique.
  3163 | D:4      | Found a glowing golden altar of the Shining One.
  3165 | D:4      | Found a glowing silver altar of Zin.
  3167 | D:4      | Found a white marble altar of Elyvilon.
  3194 | D:4      | 3194 ||| FLEEEEING.
  3195 | D:4      | 3195 ||| FLEEEEING.
  3197 | D:4      | 3197 ||| FLEEEEING.
  3236 | D:4      | 3236 ||| FLEEEEING.
  3247 | D:4      | 3247 ||| FLEEEEING.
  3258 | D:4      | 3258 ||| FLEEEEING.
  3605 | D:4      | 3605 ||| DROPPING amulet of magic regeneration.
  3606 | D:4      | 3606 ||| READING scroll labelled CACES LOGOLIE.
  3607 | D:4      | 3607 ||| READING 3 scrolls labelled VUNOICZ PINE.
  3607 | D:4      | 3607 ||| IDENTIFYING sapphire potion
  3608 | D:4      | 3608 ||| READING 2 scrolls of identify.
  3608 | D:4      | 3608 ||| IDENTIFYING bubbling red potion
  3609 | D:4      | 3609 ||| READING scroll of identify.
  3609 | D:4      | 3609 ||| IDENTIFYING ruby potion
  3610 | D:4      | 3610 ||| READING scroll labelled DUBRIAFIMORCH.
  3610 | D:4      | 3610 ||| ENCHANTING +0 shortbow.
  3611 | D:4      | 3611 ||| READING scroll labelled CEUJ TACSU HACW.
  3612 | D:4      | 3612 ||| FLEEEEING.
  3722 | D:4      | 3722 ||| DRINKING 2 murky cyan potions.
  3723 | D:4      | 3723 ||| DROPPING potion of invisibility.
  3730 | D:5      | Entered Level 5 of the Dungeon
  3870 | D:5      | Found an ornate altar of the Wu Jian Council.
  3935 | D:5      | Reached skill level 7 in Ranged Weapons
  3935 | D:5      | Reached XP level 7. HP: 31/43 MP: 7/7
  3935 | D:5      | 3935 ||| FLEEEEING.
  4101 | D:5      | Noticed Sigmund
  4114 | D:5      | 4114 ||| FLEEEEING.
  4125 | D:5      | 4125 ||| FLEEEEING.
  4136 | D:5      | 4136 ||| FLEEEEING.
  4139 | D:5      | Killed Sigmund
  4143 | D:5      | 4143 ||| STAIRDANCE
  4224 | D:5      | Reached skill level 8 in Ranged Weapons
  4224 | D:5      | 4224 ||| FLEEEEING.
  4443 | D:5      | 4443 ||| FLEEEEING.
  4628 | D:5      | Noticed Menkaure
  4632 | D:5      | 4632 ||| ZAPPING wand of acid (7) at 3,5 (Menkaure; floor).
  4633 | D:5      | 4633 ||| ZAPPING wand of acid (6) at 3,4 (Menkaure; floor).
  4633 | D:5      | Killed Menkaure
  4634 | D:5      | Reached XP level 8. HP: 43/51 MP: 8/8
  4634 | D:5      | 4634 ||| FLEEEEING.
  4666 | D:5      | Found an ancient bone altar of Kikubaaqudgha.
  5104 | D:5      | Noticed Eustachio
  5135 | D:5      | 5135 ||| FLEEEEING.
  5136 | D:5      | 5136 ||| FLEEEEING.
  5139 | D:5      | 5139 ||| FLEEEEING.
  5142 | D:5      | 5142 ||| FLEEEEING.
  5143 | D:5      | 5143 ||| FLEEEEING.
  5150 | D:5      | 5150 ||| STAIRDANCE
  5176 | D:4      | 5176 ||| UPGRADING to +1 robe of willpower.
  5186 | D:4      | 5186 ||| UPGRADING to amulet of reflection.
  5213 | D:5      | 5213 ||| RETREEEEATING.
  5214 | D:5      | 5214 ||| RETREEEEATING.
  5215 | D:5      | 5215 ||| STAIRDANCE
  5222 | D:4      | Killed Eustachio
  5223 | D:4      | 5223 ||| FLEEEEING.
  5229 | D:4      | 5229 ||| STAIRDANCE
  5391 | D:5      | Found a blossoming altar of Fedhas.
  5581 | D:6      | Reached skill level 9 in Ranged Weapons
  5585 | D:6      | 5585 ||| RETREEEEATING.
  5588 | D:6      | 5588 ||| STAIRDANCE
  5595 | D:6      | 5595 ||| STAIRDANCE
  5601 | D:6      | 5601 ||| STAIRDANCE
  5607 | D:5      | 5607 ||| ZAPPING wand of acid (5) at -1,1 (black bear;
                  | floor).
  5608 | D:5      | Reached skill level 6 in Fighting
  5608 | D:5      | 5608 ||| FLEEEEING.
  5640 | D:6      | 5640 ||| STAIRDANCE
  5749 | D:6      | 5749 ||| FLEEEEING.
  5753 | D:6      | 5753 ||| STAIRDANCE
  5865 | D:6      | Found a snail-covered altar of Cheibriados.
  5868 | D:6      | Found an iron altar of Okawaru.
  5869 | D:6      | 5869 ||| PLANNING OKAWARU WORSHIP
  5874 | D:6      | Became a worshipper of Warmaster Okawaru
  5875 | D:6      | 5875 ||| PLANNING D:1-11
  5902 | D:6      | 5902 ||| ZAPPING wand of acid (4) at 1,1 (black bear;
                  | floor).
  5929 | D:6      | 5929 ||| READING scroll of enchant weapon.
  5929 | D:6      | 5929 ||| ENCHANTING +1 shortbow.
  5933 | D:6      | Found an opulent altar of Gozag.
  5965 | D:6      | Identified the +2 pair of boots of Okawaru's Fury {Will-
                  | Int+5 Dex+2}
  5994 | D:6      | Noticed Duvessa
  5995 | D:6      | Noticed Dowan
  6006 | D:6      | 6006 ||| RETREEEEATING.
  6007 | D:6      | 6007 ||| RETREEEEATING.
  6008 | D:6      | 6008 ||| DRINKING potion of haste.
  6019 | D:6      | Killed Duvessa
  6020 | D:6      | Reached skill level 10 in Ranged Weapons
  6021 | D:6      | 6021 ||| FLEEEEING.
  6022 | D:6      | 6022 ||| FLEEEEING.
  6023 | D:6      | 6023 ||| FLEEEEING.
  6024 | D:6      | 6024 ||| FLEEEEING.
  6025 | D:6      | 6025 ||| FLEEEEING.
  6026 | D:6      | 6026 ||| FLEEEEING.
  6027 | D:6      | 6027 ||| FLEEEEING.
  6028 | D:6      | 6028 ||| FLEEEEING.
  6029 | D:6      | 6029 ||| FLEEEEING.
  6030 | D:6      | 6030 ||| FLEEEEING.
  6031 | D:6      | 6031 ||| FLEEEEING.
  6032 | D:6      | 6032 ||| FLEEEEING.
  6033 | D:6      | 6033 ||| FLEEEEING.
  6034 | D:6      | 6034 ||| FLEEEEING.
  6035 | D:6      | 6035 ||| FLEEEEING.
  6036 | D:6      | 6036 ||| FLEEEEING.
  6037 | D:6      | 6037 ||| FLEEEEING.
  6038 | D:6      | 6038 ||| FLEEEEING.
  6039 | D:6      | 6039 ||| FLEEEEING.
  6040 | D:6      | 6040 ||| FLEEEEING.
  6041 | D:6      | 6041 ||| FLEEEEING.
  6042 | D:6      | 6042 ||| FLEEEEING.
  6044 | D:6      | 6044 ||| FLEEEEING.
  6045 | D:6      | 6045 ||| FLEEEEING.
  6046 | D:6      | 6046 ||| FLEEEEING.
  6077 | D:6      | Found an opulent altar of Gozag.
  6077 | D:6      | Found an opulent altar of Gozag.
  6104 | D:6      | Found an opulent altar of Gozag.
  6112 | D:6      | Killed Dowan
  6113 | D:6      | Reached XP level 9. HP: 56/56 MP: 9/9
  6406 | D:6      | Reached skill level 3 in Dodging
  6423 | D:6      | Noticed qw's ghost (novice GrHu)
  6424 | D:6      | Found a transporter.
  6424 | D:6      | Found a transporter.
  6424 | D:6      | Identified the +5 great mace "Uwki Pey" {vamp, Will++ Str+2
                  | Int-2 Stlth+}
  6424 | D:6      | Identified the +3 great mace of Avyzorgh {elec, rN+ rCorr
                  | MP+9 Dex+4}
  6424 | D:6      | Noticed a two-headed ogre
  6483 | D:6      | Found a radiant altar of Vehumet.
  6771 | D:6      | 6771 ||| UPGRADING to +2 pair of boots of Okawaru's Fury
                  | {Will- Int+5 Dex+2}.
  6776 | D:6      | 6776 ||| READING scroll labelled QELLUSE XIPOOX.
  6777 | D:6      | 6777 ||| READING scroll labelled PIYMMI YPPAO.
  6824 | D:7      | Noticed Joseph
  6830 | D:7      | 6830 ||| FLEEEEING.
  6831 | D:7      | 6831 ||| FLEEEEING.
  6832 | D:7      | 6832 ||| STAIRDANCE
  6934 | D:7      | 6934 ||| STAIRDANCE
  6942 | D:6      | 6942 ||| FLEEEEING.
  7023 | D:7      | 7023 ||| ZAPPING wand of acid (3) at 5,-2 (Joseph; floor).
  7024 | D:7      | 7024 ||| ZAPPING wand of acid (2) at 4,-2 (Joseph; floor).
  7025 | D:7      | 7025 ||| ZAPPING wand of acid (1) at 4,-2 (Joseph; floor).
  7026 | D:7      | 7026 ||| STAIRDANCE
  7028 | D:6      | 7028 ||| FLEEEEING.
  7080 | D:7      | 7080 ||| READING 2 scrolls of teleportation.
  7082 | D:7      | Killed Joseph
  7083 | D:7      | 7083 ||| STAIRDANCE
  7085 | D:6      | 7085 ||| FLEEEEING.
  7225 | D:7      | Reached * piety under Okawaru
  7226 | D:7      | 7226 ||| FLEEEEING.
  7231 | D:7      | 7231 ||| STAIRDANCE
  7296 | D:7      | Found a staircase to the Ecumenical Temple.
  7426 | D:7      | Reached skill level 11 in Ranged Weapons
  7426 | D:7      | Reached skill level 1 in Invocations
  7435 | D:7      | 7435 ||| FLEEEEING.
  7524 | D:7      | 7524 ||| FLEEEEING.
  7559 | D:7      | Reached skill level 3 in Invocations
  7843 | D:7      | 7843 ||| DROPPING ring of magical power.
  7971 | D:8      | 7971 ||| RETREEEEATING.
  7973 | D:8      | 7973 ||| RETREEEEATING.
  7975 | D:8      | 7975 ||| RETREEEEATING.
  7978 | D:8      | 7978 ||| RETREEEEATING.
  8057 | D:8      | Reached XP level 10. HP: 52/63 MP: 11/13
  8057 | D:8      | 8057 ||| FLEEEEING.
  8157 | D:8      | 8157 ||| FLEEEEING.
  8163 | D:8      | 8163 ||| FLEEEEING.
  8164 | D:8      | 8164 ||| FLEEEEING.
  8165 | D:8      | 8165 ||| FLEEEEING.
  8166 | D:8      | 8166 ||| FLEEEEING.
  8170 | D:8      | 8170 ||| FLEEEEING.
  8171 | D:8      | 8171 ||| FLEEEEING.
  8172 | D:8      | 8172 ||| FLEEEEING.
  8176 | D:8      | 8176 ||| FLEEEEING.
  8177 | D:8      | 8177 ||| FLEEEEING.
  8190 | D:8      | 8190 ||| FLEEEEING.
  8191 | D:8      | 8191 ||| FLEEEEING.
  8192 | D:8      | 8192 ||| FLEEEEING.
  8193 | D:8      | 8193 ||| FLEEEEING.
  8194 | D:8      | 8194 ||| FLEEEEING.
  8195 | D:8      | 8195 ||| FLEEEEING.
  8196 | D:8      | 8196 ||| FLEEEEING.
  8197 | D:8      | 8197 ||| FLEEEEING.
  8198 | D:8      | 8198 ||| FLEEEEING.
  8199 | D:8      | 8199 ||| FLEEEEING.
  8200 | D:8      | 8200 ||| FLEEEEING.
  8201 | D:8      | 8201 ||| FLEEEEING.
  8202 | D:8      | 8202 ||| FLEEEEING.
  8229 | D:8      | 8229 ||| FLEEEEING.
  8230 | D:8      | 8230 ||| FLEEEEING.
  8357 | D:8      | Noticed a two-headed ogre
  8358 | D:8      | 8358 ||| INVOKING Heroism.
  8373 | D:8      | Killed a two-headed ogre
  8373 | D:8      | Reached ** piety under Okawaru
  8374 | D:8      | Reached skill level 9 in Fighting
  8388 | D:8      | 8388 ||| FLEEEEING.
  8393 | D:8      | 8393 ||| FLEEEEING.
  8394 | D:8      | 8394 ||| FLEEEEING.
  8812 | D:8      | 8812 ||| UPGRADING to +6 ring of strength.
  8813 | D:8      | 8813 ||| DRINKING 2 fizzy red potions.
  8848 | D:8      | 8848 ||| DROPPING potion of lignification.
  8873 | D:9      | 8873 ||| RETREEEEATING.
  8874 | D:9      | 8874 ||| RETREEEEATING.
  8875 | D:9      | 8875 ||| RETREEEEATING.
  8876 | D:9      | 8876 ||| RETREEEEATING.
  8877 | D:9      | 8877 ||| RETREEEEATING.
  8878 | D:9      | 8878 ||| RETREEEEATING.
  8879 | D:9      | 8879 ||| RETREEEEATING.
  8880 | D:9      | 8880 ||| RETREEEEATING.
  8881 | D:9      | 8881 ||| RETREEEEATING.
  8882 | D:9      | 8882 ||| RETREEEEATING.
  8883 | D:9      | 8883 ||| RETREEEEATING.
  8909 | D:9      | 8909 ||| FLEEEEING.
  8918 | D:9      | 8918 ||| STAIRDANCE
  9010 | D:9      | Found a flagged portal.
  9018 | D:9      | Identified the +8 hand axe of Inference {drain, +Blink
                  | Str+6}
  9026 | D:9      | Found a staircase to the Orcish Mines.
  9069 | D:9      | Found a staircase to the Lair.
  9363 | D:9      | 9363 ||| RETREEEEATING.
  9368 | D:9      | 9368 ||| RETREEEEATING.
  9369 | D:9      | 9369 ||| RETREEEEATING.
  9370 | D:9      | 9370 ||| RETREEEEATING.
  9371 | D:9      | 9371 ||| RETREEEEATING.
  9372 | D:9      | 9372 ||| RETREEEEATING.
  9373 | D:9      | 9373 ||| RETREEEEATING.
  9374 | D:9      | 9374 ||| RETREEEEATING.
  9375 | D:9      | 9375 ||| RETREEEEATING.
  9389 | D:9      | 9389 ||| FLEEEEING.
  9396 | D:9      | 9396 ||| FLEEEEING.
  9397 | D:9      | 9397 ||| FLEEEEING.
  9403 | D:9      | 9403 ||| DRINKING 3 potions of curing.
  9403 | D:9      | 9403 ||| (to cure confusion)
  9496 | D:9      | Reached skill level 12 in Ranged Weapons
  9825 | D:9      | 9825 ||| FLEEEEING.
  9868 | D:9      | 9868 ||| SWAPPING to +0 orcbow.
  9874 | D:9      | 9874 ||| RETREEEEATING.
  9875 | D:9      | 9875 ||| RETREEEEATING.
  9876 | D:9      | 9876 ||| RETREEEEATING.
  9877 | D:9      | 9877 ||| RETREEEEATING.
  9878 | D:9      | 9878 ||| RETREEEEATING.
  9879 | D:9      | 9879 ||| RETREEEEATING.
  9894 | D:9      | 9894 ||| DROPPING +2 shortbow.
 10202 | D:9      | 10202 ||| PLANNING LAIR
 10202 | D:9      | 10202 ||| UPGRADING to +0 ring mail of fire resistance.
 10212 | D:9      | 10212 ||| DROPPING +0 ring mail.
 10213 | D:9      | 10213 ||| UPGRADING to ring of see invisible.
 10214 | D:9      | 10214 ||| READING scroll labelled HENIRO SAPNI.
 10215 | D:9      | 10215 ||| FLEEEEING.
 10308 | Lair:1   | Entered Level 1 of the Lair of Beasts
 10323 | Lair:1   | Reached *** piety under Okawaru
 10324 | Lair:1   | Reached skill level 3 in Armour
 10324 | Lair:1   | 10324 ||| STAIRDANCE
 10349 | Lair:1   | Noticed Grum
 10373 | Lair:1   | Killed Grum
 10374 | Lair:1   | 10374 ||| FLEEEEING.
 10381 | Lair:1   | 10381 ||| STAIRDANCE
 10627 | Lair:1   | Noticed a death yak
 10628 | Lair:1   | Noticed a death yak
 10629 | Lair:1   | 10629 ||| INVOKING Heroism.
 10629 | Lair:1   | Noticed a death yak
 10629 | Lair:1   | Noticed a death yak
 10630 | Lair:1   | 10630 ||| RETREEEEATING.
 10635 | Lair:1   | Noticed a death yak
 10636 | Lair:1   | 10636 ||| RETREEEEATING.
 10637 | Lair:1   | 10637 ||| RETREEEEATING.
 10638 | Lair:1   | 10638 ||| RETREEEEATING.
 10643 | Lair:1   | 10643 ||| RETREEEEATING.
 10644 | Lair:1   | 10644 ||| FLEEEEING.
 10645 | Lair:1   | 10645 ||| FLEEEEING.
 10646 | Lair:1   | 10646 ||| FLEEEEING.
 10647 | Lair:1   | 10647 ||| FLEEEEING.
 10648 | Lair:1   | 10648 ||| FLEEEEING.
 10649 | Lair:1   | 10649 ||| RETREEEEATING.
 10650 | Lair:1   | 10650 ||| RETREEEEATING.
 10654 | Lair:1   | 10654 ||| RETREEEEATING.
 10655 | Lair:1   | 10655 ||| RETREEEEATING.
 10656 | Lair:1   | 10656 ||| RETREEEEATING.
 10657 | Lair:1   | 10657 ||| RETREEEEATING.
 10657 | Lair:1   | HP: 11/66 [death yak (19)]
 10658 | Lair:1   | 10658 ||| READING 3 scrolls of teleportation.
 10659 | Lair:1   | 10659 ||| DRINKING potion of heal wounds.
 10660 | Lair:1   | 10660 ||| RETREEEEATING.
 10661 | Lair:1   | 10661 ||| INVOKING Heroism.
 10667 | Lair:1   | 10667 ||| RETREEEEATING.
 10668 | Lair:1   | 10668 ||| RETREEEEATING.
 10669 | Lair:1   | 10669 ||| RETREEEEATING.
 10669 | Lair:1   | HP: 9/66 [death yak (11)]
 10670 | Lair:1   | 10670 ||| READING 2 scrolls of teleportation.
 10671 | Lair:1   | 10671 ||| RETREEEEATING.
 10672 | Lair:1   | 10672 ||| RETREEEEATING.
 10673 | Lair:1   | 10673 ||| RETREEEEATING.
 10674 | Lair:1   | 10674 ||| RETREEEEATING.
 10819 | Lair:1   | HP: 5/66 [komodo dragon (18)]
 10820 | Lair:1   | 10820 ||| READING scroll of teleportation.
 10822 | Lair:1   | Mangled by a komodo dragon

Levels and vault maps discovered:
D:1:      erik_arrival_cave_to_civilisation [erik_arrival_cave_to_temple],
          layout_basic, ebering_ecumenical_altar_webs, hex_tiny
D:2:      layout_loops_corners, serial_shops, nicolae_shop_hallway_stairs,
          nicolae_shop_tiny_glass, shop, nicolae_shop_tiny_glass,
          dreamdust_princess_bridge, grunt_ministairs_13, serial_bayou_lagoon_a,
          minmay_lizard_king
D:3:      layout_loops_ring, nemelex_xobeh_ov_fountains_minmay,
          mainiacjoe_overflow_chevrons, nrook_mini_vaults
D:4:      layout_rooms, dreamdust_divine_triumvirate, nicolae_shop_self_help,
          uniq_edmund
D:5:      layout_layer_cave, marbit_many_paths,
          mainiacjoe_overflow_surrounded_room, lemuel_round_altar,
          uniq_menkaure, uniq_sigmund, uniq_eustachio
D:6:      layout_loops_corners, nicolae_gozag_conspicuous_consumption,
          overflow_temple_1_default, nicolae_overflow_squiral,
          gammafunk_ghost_smash, nicolae_elevator_lobby_asterisk, uniq_duvessa
D:7:      layout_rooms, temple_green, uniq_joseph
D:8:      layout_loops_ring
D:9:      layout_stronghold, lair_entry_dummy, orc_0_dummy, enter_bailey_2,
          grunt_ministairs_11, evilmike_butchery
Lair:1:   layout_regular_city, grunt_megastairs_5, lemuel_fruit_tree,
          infiniplex_staircase_pool, uniq_grum

Skill      XL: |  1  2  3  4  5  6  7  8  9 10 |
---------------+-------------------------------+-----
Ranged Weapons | 5 6 7 8 10 11 12 | 12.7
Fighting       | 3 4 5 6 7 9 |  9.1
Armour         | 2 3 |  3.1
Dodging        | 2 4 |  4.0
Invocations    | 4 |  4.0
Stealth        | |  1.1

Action                     |  1- 3 |  4- 6 |  7- 9 | 10-12 || total
---------------------------+-------+-------+-------+-------++-------
  Melee: Unarmed           |       |       |     2 |       ||     2
   Fire: Shortbow          |   129 |   217 |   430 |   206 ||   982
         Orcbow            |       |       |       |    93 ||    93
 Invoke: Heroism           |       |       |       |     3 ||     3
  Evoke: Wand              |       |       |     7 |       ||     7
    Use: Scroll            |     3 |    10 |     4 |     4 ||    21
         Potion            |       |     3 |     1 |     3 ||     7
 Armour: Leather armour    |    27 |    17 |       |       ||    44
         Ring mail         |       |    76 |    60 |    55 ||   191
         Robe              |       |       |   135 |    75 ||   210
         Skin              |       |       |     2 |       ||     2
  Dodge: Dodged            |    27 |    71 |   180 |   113 ||   391
  Block: Other             |       |       |    60 |    34 ||    94
         Reflection        |       |       |     3 |     2 ||     5

Table legend:
 A = Non-vault XP
 B = Vault XP
 C = Vault XP percentage of total XP
 D = Non-vault monster count
 E = Vault monster count
 F = Vault count percentage of total count
                 A         B        C        D         E       F
            +---------+---------+-------+---------+---------+-------
      Total |    6271 |    2403 |  27.7 |     168 |      33 |  16.4
            +---------+---------+-------+---------+---------+-------
        D:1 |      50 |       5 |   9.1 |      27 |       2 |   6.9
        D:2 |      39 |      10 |  20.4 |      18 |       8 |  30.8
        D:3 |      68 |       0 |   0.0 |      13 |       0 |   0.0
        D:4 |     219 |     373 |  63.0 |      19 |       2 |   9.5
        D:5 |     518 |     433 |  45.5 |      17 |       3 |  15.0
        D:6 |     989 |     223 |  18.4 |      16 |       2 |  11.1
        D:7 |    1034 |     412 |  28.5 |      18 |       1 |   5.3
        D:8 |    1683 |       0 |   0.0 |      15 |       0 |   0.0
        D:9 |    1373 |     295 |  17.7 |      23 |      10 |  30.3
     Lair:1 |     298 |     652 |  68.6 |       2 |       5 |  71.4
            +---------+---------+-------+---------+---------+-------
